 Dungeon Crawl Stone Soup version 0.25.1-2-g60ff931df9 (webtiles) character file.

Game seed: 13419076231755523501

133 miket3c the Firebug (level 4, -1/33 HPs)
             Began as a Draconian Fire Elementalist on Oct 1, 2020.
             Slain by a gnoll
             ... wielding a +0 club
              (5 damage)
             ... on level 3 of the Dungeon.
             The game lasted 00:10:36 (3628 turns).

miket3c the Firebug (Draconian Fire Elementalist)   Turns: 3628, Time: 00:10:36

Health: -1/33      AC:  5    Str: 10    XL:     4   Next: 93%
Magic:  4/8        EV: 12    Int: 17    God:
Gold:   110        SH:  0    Dex: 11    Spells: 7/8 levels left

rFire    . . .     SeeInvis .   e - +0 dagger
rCold    . . .     Gourm    .   (no shield)
rNeg     . . .     Faith    .   (armour unavailable)
rPois    .         Spirit   .   (helmet restricted)
rElec    .         Reflect  .   (no cloak)
rCorr    .         Harm     .   (no gloves)
MR       .....                  (no boots)
Stlth    ++........             (no amulet)
HPRegen  0.11/turn              (no ring)
MPRegen  0.11/turn              (no ring)

@: no status effects
A: unfitting armour, cold-blooded, AC +5
a: no special abilities


You were on level 3 of the Dungeon.
You were hungry.

You visited 1 branch of the dungeon, and saw 3 of its levels.

You collected 110 gold pieces.

Inventory:

Hand Weapons
 e - a +0 dagger (weapon)
Missiles
 h - 57 stones
 j - 8 boomerangs
 k - 23 poisoned darts (quivered)
Scrolls
 c - 3 scrolls of teleportation {unknown}
 d - a scroll of amnesia {unknown}
 g - a scroll of identify {unknown}
Potions
 a - a potion of curing
 f - a potion of berserk rage {unknown}
 i - a potion of stabbing {unknown}
 l - a potion of mutation {unknown}
Comestibles
 b - 5 rations


   Skills:
 - Level 1.8 Dodging
 + Level 2.2 Stealth
 * Level 1.5 Unarmed Combat
 + Level 2.9 Spellcasting
 * Level 2.1 Conjurations
 + Level 4.0 Fire Magic


You had 7 spell levels left.
You knew the following spells:

 Your Spells              Type           Power        Failure   Level  Hunger
a - Foxfire               Conj/Fire      ##..         4%          1    #......

Your spell library contained the following spells:

 Spells                   Type           Power        Failure   Level  Hunger
 Conjure Flame            Conj/Fire      ##......     14%         3    ###....
 Inner Flame              Hex/Fire       #.......     22%         3    ###....
 Sticky Flame             Conj/Fire      ##......     43%         4    #####..
 Fireball                 Conj/Fire      ##........   80%         5    ######.


Dungeon Overview and Level Annotations

Branches:
Dungeon (3/15)

Altars:
Gozag


Innate Abilities, Weirdness & Mutations

Your plain brown scales are hard. (AC +5)
You cannot fit into any form of body armour.
You are cold-blooded and may be slowed by cold attacks.


Message History

The foxfire hits the gnoll.
The gnoll is severely wounded.
The gnoll barely misses you. The gnoll closely misses you.
Casting: Foxfire (safe; 4% risk of failure)
Confirm with . or Enter, or press ? or * to list all spells.
You conjure some foxfire!
The gnoll misses you. The gnoll hits you with a +0 club.
* * * LOW HITPOINT WARNING * * *
The foxfire hits the gnoll.
The gnoll is almost dead.
The gnoll hits you but does no damage. The gnoll hits you with a +0 club.
* * * LOW HITPOINT WARNING * * *
Casting: Foxfire (safe; 4% risk of failure)
Confirm with . or Enter, or press ? or * to list all spells.
You conjure some foxfire!
The gnoll hits you.
* * * LOW HITPOINT WARNING * * *
The foxfire hits the gnoll but does no damage.
The gnoll is almost dead.
The gnoll hits you with a +0 club.
You die...

.#...#
#####.... ###
#....... ....
#....$[♣.....
#............
###....o#
##.[#...#(.#
#g..#...#
#@g##...#
#### ....#
#####


You could see 2 gnolls.

Vanquished Creatures
  2 gnolls
  5 adders (D:2)
  An ooze (D:1)
  A worm (D:2)
  3 dart slugs (D:1)
  An orc (D:3)
  2 ball pythons
  6 goblins
  5 hobgoblins
  7 jackals
  4 kobolds
  3 quokkas (D:2)
  5 bats
  4 frilled lizards
  6 rats
55 creatures vanquished.

Vanquished Creatures (others)
  164 foxfires
164 creatures vanquished.

Grand Total: 219 creatures vanquished

Notes
Turn   | Place    | Note
-------+----------+-------------------------------------------
     0 | D:1      | miket3c the Draconian Fire Elementalist began the quest for
                  | the Orb.
     0 | D:1      | Reached XP level 1. HP: 14/14 MP: 3/3
   260 | D:1      | Reached XP level 2. HP: 20/20 MP: 0/5
   972 | D:1      | Reached XP level 3. HP: 26/26 MP: 4/6
  1354 | D:2      | Reached skill level 1 in Unarmed Combat
  2171 | D:2      | Reached XP level 4. HP: 29/33 MP: 6/8
  2599 | D:2      | Found an opulent altar of Gozag.
  3429 | D:2      | Reached skill level 4 in Fire Magic
  3628 | D:3      | Slain by a gnoll

Illustrated notes

Levels and vault maps discovered:
D:1:      scummos_arrival_forest, layout_rooms
D:2:      layout_basic, first_ration, grunt_gozag_breadcrumbs
D:3:      layout_rooms, st_stairs_2, grunt_ministairs_6, uniq_robin

Skill      XL: |  1  2  3  4 |
---------------+-------------+-----
Stealth        | 2 |  2.2
Unarmed Combat | 1 |  1.5
Conjurations   | 2 |  2.1
Fire Magic     | 4 |  4.0
Dodging        | |  1.8
Spellcasting   | |  2.9

Action                   |  1- 3 |  4- 6 || total
-------------------------+-------+-------++-------
Melee: Unarmed           |    14 |       ||    14
       Dagger            |     4 |    22 ||    26
       Tailslap          |     1 |     2 ||     3
Throw: Dart              |     6 |    10 ||    16
 Cast: Foxfire           |    58 |    42 ||   100
  Use: Potion            |       |     3 ||     3
  Eat: Chunk             |     4 |     4 ||     8
Armor: Skin              |    23 |    20 ||    43
Dodge: Dodged            |    64 |    55 ||   119
